 Dungeon Crawl Stone Soup version 0.24.0-123-gd5b16e6ec5 (webtiles) character file.

Game seed: 3055571185249292084, levelgen mode: deterministic

3619 Hasart the Digger (level 9, -2/57 HPs)
             Began as a Vampire Earth Elementalist on Jan 15, 2020.
             Was an Initiate of Gozag.
             Shot with an arrow by a centaur (19 damage)
             ... on level 7 of the Dungeon.
             The game lasted 00:17:13 (8763 turns).

Hasart the Digger (Vampire Earth Elementalist)      Turns: 8763, Time: 00:17:14

Health: -2/57      AC:  2    Str:  7    XL:     9   Next: 86%
Magic:  2/18       EV: 15    Int: 20    God:    Gozag
Gold:   1233       SH:  0    Dex: 15    Spells: 12/21 levels left

rFire    + . .     SeeInvis +   z - +6 trident of Fuzuagut {protect, rF+ rC+ Stlth-}
rCold    + . .     Gourm    .   (no shield)
rNeg     . . .     Faith    .   c - +0 robe
rPois    .         Spirit   .   (no helmet)
rElec    .         Reflect  .   (no cloak)
rCorr    .         Harm     .   (no gloves)
MR       .....                  (no boots)
Stlth    +.........             (no amulet)
HPRegen  0.39/turn              (no ring)
MPRegen  0.16/turn              (no ring)

@: very slightly contaminated, regenerating quickly
A: no food, fangs 3, see invisible, unbreathing
a: Exsanguinate, Potion Petition, Call Merchant, Bribe Branch, Renounce Religion


You were on level 7 of the Dungeon.
You worshipped Gozag.
Gozag was most pleased with you.
You were alive.

You visited 1 branch of the dungeon, and saw 7 of its levels.
You also visited: Sewer.

You collected 1294 gold pieces.
You paid 61 gold pieces to Gozag.

Inventory:

Hand Weapons
 z - the +6 trident of Fuzuagut (weapon) {protect, rF+ rC+ Stlth-}
   (You found it on level 6 of the Dungeon)

   It grants its wielder temporary protection when it strikes (+7 to AC).
   It protects you from fire.
   It protects you from cold.
   It makes you less stealthy.
Missiles
 b - 125 stones (quivered)
Armour
 c - a +0 robe (worn)
 w - the +1 pair of gloves "Xitwur" {rF+ MR++ Dex-5}
   (You found it on level 5 of the Dungeon)

   It affects your dexterity (-5).
   It protects you from fire.
   It affects your resistance to hostile enchantments.
Wands
 e - a wand of iceblast (9)
 t - a wand of disintegration (14)
 y - a wand of digging (9)
Scrolls
 d - a scroll of magic mapping
 g - 7 scrolls of identify
 l - 3 scrolls of teleportation
 m - a scroll of immolation
 o - 2 scrolls of remove curse
 p - 4 scrolls of fog {unknown}
 q - 2 scrolls of fear {unknown}
 v - a scroll of enchant weapon {unknown}
 B - 2 scrolls of noise {unknown}
Potions
 a - 2 potions of haste {unknown}
 f - 4 potions of brilliance
 h - 7 potions of curing {unknown}
 i - 2 potions of heal wounds {unknown}
 j - a potion of invisibility {unknown}
 k - 3 potions of cancellation {unknown}
 n - 3 potions of agility {unknown}
 r - 2 potions of mutation {unknown}
 s - a potion of resistance {unknown}
 u - 3 potions of lignification {unknown}
 x - a potion of berserk rage {unknown}
 A - a potion of magic {unknown}


   Skills:
 - Level 5.0 Dodging
 - Level 3.0 Stealth
 + Level 6.5 Spellcasting
 * Level 6.2 Conjurations
   Level 1.1 Transmutations
 + Level 7.4 Earth Magic
 + Level 4.0 Evocations


You had 12 spell levels left.
You knew the following spells:

 Your Spells              Type           Power        Failure   Level  Hunger
a - Sandblast             Erth           #####.       1%          1    N/A
b - Stone Arrow           Conj/Erth      ####..       1%          3    N/A
c - Lee's Rapid Deconstr  Erth           #####.....   13%         5    N/A

Your spell library contained the following spells:

 Spells                   Type           Power        Failure   Level  Hunger
 Shock                    Conj/Air       ###.         2%          1    N/A
 Passwall                 Tmut/Erth      ###.....     2%          2    N/A
 Static Discharge         Conj/Air       ###.....     9%          3    N/A
 Pain                     Necr           #...         10%         1    N/A
 Sublimation of Blood     Necr           #.........   16%         2    N/A
 Swiftness                Chrm/Air       #.......     16%         2    N/A
 Petrify                  Tmut/Erth      ###.....     17%         4    N/A
 Sticky Flame             Conj/Fire      ###.....     26%         4    N/A
 Throw Icicle             Conj/Ice       ###.....     26%         4    N/A
 Fireball                 Conj/Fire      ###.......   58%         5    N/A
 Lightning Bolt           Conj/Air       ###.......   58%         5    N/A
 Airstrike                Air            #.........   69%         4    N/A
 Animate Dead             Necr           N/A          69%         4    N/A

Dungeon Overview and Level Annotations

Branches:
Dungeon (7/15)             Temple (0/1) D:5           Sewer (visited)

Altars:
Fedhas
Gozag
Ru
Xom
The Shining One


Innate Abilities, Weirdness & Mutations

You do not eat.
Your natural rate of healing is unusually fast.
You have razor-sharp teeth.
You have supernaturally acute eyesight. (SInv)
You can survive without breathing.


Message History

Aiming: Lee's Rapid Deconstruction (slightly dangerous; 13% risk of failure)
Press: ? - help, Dir - move target cursor A rock wall.
You miscast Lee's Rapid Deconstruction.
You are very lightly contaminated with residual magic.
Motes of dust swirl before your eyes.
The centaur shoots an arrow.
The arrow barely misses you.
Unknown command.
Unknown command.
Casting: Lee's Rapid Deconstruction (slightly dangerous; 13% risk of failure)
Confirm with . or Enter, or press ? or * to list all spells.
Aiming: Sandblast (safe; 1% risk of failure)
Press: ? - help, Shift-Dir - straight line, f - centaur
Aim: a centaur, wielding a +0 shortbow (heavily wounded)
The blast of sand hits the centaur!
The centaur is almost dead.
b - 125 stones The centaur shoots an arrow.
The arrow hits you!!
You die...
Your body crumbles into a pile of gold.

######## ###
############# #......##
#..
....c..@.((.###.###...##
#.# ##########......#
#.)..# #.# #..#####
##.... #.# #..# #....
#.############### #..#
##... #.##............#
#..# ##..
#.##.##########.#
#..##### ##. #....# #.#
#......# #.. .....# #.#
#.####.# ###


You could see a centaur.

Vanquished Creatures
  A gargoyle (D:7)
  Sigmund (D:6)
  Menkaure (D:6)
  A water moccasin (D:7)
  2 ice beasts (D:7)
  A black bear (D:6)
  2 phantoms
  3 ogres
  2 centaurs (D:5)
  Blork the orc (D:6)
  4 bullfrogs
  4 big kobolds (Sewer)
  A scorpion (D:7)
  4 crimson imps
  2 bullfrog zombies
  6 hounds
  A jelly (D:7)
  3 orc priests
  A centaur skeleton (D:5)
  8 orc wizards
  2 iguanas (D:6)
  Natasha (D:2)
  11 worker ants
  2 worker ant zombies (D:5)
  6 gnolls (D:3)
  12 adders
  2 river rats (D:6)
  4 oozes (Sewer)
  An adder zombie (D:5)
  4 dart slugs
  6 worms
  5 leopard geckos
  20 orcs
  6 bats
  7 giant cockroaches
  13 goblins
  3 hobgoblins
  9 jackals
  A quokka (D:5)
  6 ball pythons
  10 frilled lizards
  A jackal skeleton (D:5)
  13 kobolds
  A leopard gecko skeleton (D:6)
  A quokka skeleton (D:5)
  13 rats
209 creatures vanquished.

Notes
Turn   | Place    | Note
-------+----------+-------------------------------------------
     0 | D:1      | Hasart the Vampire Earth Elementalist began the quest for
                  | the Orb.
     0 | D:1      | Reached XP level 1. HP: 13/13 MP: 3/3
   211 | D:1      | Reached XP level 2. HP: 6/19 MP: 0/5
  1161 | D:2      | Reached XP level 3. HP: 14/24 MP: 4/6
  1442 | D:2      | Found a shimmering altar of Xom.
  1776 | D:2      | Noticed Natasha
  1781 | D:2      | Killed Natasha
  1781 | D:2      | Reached XP level 4. HP: 30/30 MP: 4/8
  1820 | D:2      | Learned a level 3 spell: Stone Arrow
  2053 | D:3      | Reached skill level 4 in Earth Magic
  2167 | D:3      | Reached XP level 5. HP: 16/35 MP: 1/9
  2797 | D:3      | Reached XP level 6. HP: 41/41 MP: 11/11
  3111 | D:4      | Reached skill level 1 in Conjurations
  3721 | D:4      | Found an opulent altar of Gozag.
  3729 | D:4      | Became a worshipper of Gozag Ym Sagoz the Greedy
  4018 | D:5      | Entered Level 5 of the Dungeon
  4018 | D:5      | Found a blossoming altar of Fedhas.
  4033 | D:5      | Reached skill level 5 in Earth Magic
  4033 | D:5      | Reached XP level 7. HP: 46/46 MP: 10/13
  4082 | D:5      | Found a staircase to the Ecumenical Temple.
  4085 | D:5      | Identified the Guide on Evil Combat Magic
  4140 | D:5      | Reached skill level 5 in Dodging
  4338 | D:5      | Learned a level 5 spell: Lee's Rapid Deconstruction
  5066 | D:5      | Reached XP level 8. HP: 39/52 MP: 9/15
  5080 | D:5      | Got a pair of dazzling gloves
  5081 | D:5      | Identified the +1 pair of gloves "Xitwur" {rF+ MR++ Dex-5}
                  | (You found it on level 5 of the Dungeon)
  5725 | D:6      | Reached skill level 5 in Spellcasting
  5814 | D:6      | Noticed Sigmund
  5841 | D:6      | Killed Sigmund
  5841 | D:6      | Reached skill level 6 in Earth Magic
  5841 | D:6      | Reached skill level 1 in Evocations
  5994 | D:6      | Got a warped trident
  6019 | D:6      | Found a glowing drain.
  6030 | Sewer    | Entered a sewer
  6754 | Sewer    | Reached XP level 9. HP: 57/57 MP: 11/17
  6963 | D:6      | Identified the +6 trident of Fuzuagut {protect, rF+ rC+
                  | Stlth-} (You found it on level 6 of the Dungeon)
  6966 | D:6      | Noticed Blork the orc
  6976 | D:6      | Killed Blork the orc
  7093 | D:6      | Reached skill level 5 in Conjurations
  7099 | D:6      | Noticed Menkaure
  7355 | D:6      | Killed Menkaure
  7942 | D:7      | Reached skill level 7 in Earth Magic
  8173 | D:7      | Found a glowing golden altar of the Shining One.
  8385 | D:7      | Found a sacrificial altar of Ru.
  8451 | D:7      | Noticed a gargoyle
  8453 | D:7      | Killed a gargoyle
  8763 | D:7      | Shot with an arrow by a centaur

Levels and vault maps discovered:
D:1:      dpeg_arrival_morbid_curiosity, layout_basic
D:2:      layout_basic, xom_teletrap_fun, uniq_natasha
D:3:      layout_loops_ring, kennysheep_cluttered_room, feat_on_display
D:4:      layout_basic, grunt_gozag_breadcrumbs, first_ration
D:5:      layout_layer_cave, minmay_temple_entry_offerings,
          grunt_decor_arrowhead, st_stairs_8, fedhas_bush_and_centaur_altar
D:6:      layout_basic, portal_sewer_entry_e, uniq_menkaure, uniq_sigmund,
          uniq_blork_the_orc
D:7:      layout_loops_ring, nicolae_tso_carved_into_rock,
          nicolae_overflow_hidden_temple, grunt_ogre_cave

Skill      XL: |  1  2  3  4  5  6  7  8  9 |
---------------+----------------------------+-----
Dodging        | 3 4 5 |  5.0
Spellcasting   | 3 4 5 6 |  6.5
Earth Magic    | 4 5 6 7 |  7.4
Conjurations   | 1 3 4 6 |  6.2
Evocations     | 2 4 |  4.0
Stealth        | |  3.0
Transmutations | |  1.1

Action                   |  1- 3 |  4- 6 |  7- 9 || total
-------------------------+-------+-------+-------++-------
Melee: Mace              |    73 |    70 |    63 ||   206
       Bite              |     3 |     5 |    15 ||    23
       Flail             |       |       |   116 ||   116
       Trident           |       |       |    72 ||    72
 Cast: Sandblast         |    30 |    57 |   147 ||   234
       Stone Arrow       |       |       |     4 ||     4
       Lee's Rapid Decon |       |       |     7 ||     7
 Abil: Exsanguinate      |       |       |     1 ||     1
       Revivify          |       |       |     1 ||     1
Evoke: Wand              |       |       |     1 ||     1
  Use: Scroll            |       |     6 |     2 ||     8
 Stab: Sleeping          |     3 |     5 |     3 ||    11
Armor: Robe              |    13 |    16 |    62 ||    91
Dodge: Dodged            |    75 |    91 |   312 ||   478
